 Dungeon Crawl Stone Soup version 0.13-a0-3110-gf6e36dc (webtiles) character file.

85811 PleasurePal the Grappler (level 15, -9/144 HPs)
             Began as a Troll Berserker on Sept 19, 2013.
             Was a High Priest of Trog.
             Killed by divine providence
             ... invoked by an orc priest
              (11 damage)
             ... on Level 3 of the Orcish Mines on Sept 20, 2013.
             The game lasted 03:57:04 (29448 turns).

PleasurePal the Grappler (Troll Berserker)         Turns: 29448, Time: 03:57:04

HP  -9/144       AC  8     Str 30      XL: 15   Next: 31%
MP  22/22        EV 16     Int  6      God: Trog [*****.]
Gold 2618        SH 21     Dex 10      Spells:  0 memorised, 14 levels left

Res.Fire  : . . .   See Invis. : .     - Unarmed
Res.Cold  : + + .   Warding    : .   k - +1 robe {rC+}
Life Prot.: . . .   Conserve   : .   N - +0 shield
Res.Poison: .       Res.Corr.  : .   Y - +0 wizard hat
Res.Elec. : .       Clarity    : .   A - +1 cloak {darkness}
Sust.Abil.: . .     Spirit.Shd : .   (gloves unavailable)
Res.Mut.  : .       Stasis     : .   (boots unavailable)
Res.Rott. : .       Flight     : .   (no amulet)
Gourmand  : +                        U - ring of protection from cold
                                     q - +3 ring of evasion

@: exhausted, studying Ice Magic, slowed, drained, very slow, somewhat resistant
to hostile enchantments, fairly stealthy
A: unfitting armour, claws 3, fast metabolism 3, gourmand, regeneration 2,
saprovore 2, tough skin 2, AC +1
a: Burn Spellbooks, Berserk, Trog's Hand, Brothers in Arms, Renounce Religion,
Evoke Invisibility


You were on level 3 of the Orcish Mines.
You worshipped Trog.
Trog was extremely pleased with you.
You were not hungry.

You visited 3 branches of the dungeon, and saw 27 of its levels.
You also visited: Ice Cave.

You collected 2598 gold pieces.

Inventory:

Armour
 k - a +1 robe of cold resistance (worn)
 y - the +1 robe "Hubaiph" {rPois}
   (You found it on level 13 of the Dungeon)

   It protects you from poison.
 A - a +1 cloak of darkness (worn)
 N - a +0 shield (worn)
 Y - a +0 wizard hat (worn)
Magical devices
 b - a wand of lightning (3)
 c - a wand of teleportation (7)
 d - a wand of draining (7)
 e - a wand of frost (9)
 h - a wand of frost (11)
 i - a wand of frost (10)
 B - a wand of slowing (9)
 G - a wand of draining (6)
 O - a wand of fireball (2)
Comestibles
 t - 8 bread rations
Scrolls
 f - a scroll of remove curse
Jewellery
 a - a +1 ring of dexterity
 p - a +5 ring of dexterity
 q - a +3 ring of evasion (left claw)
 M - an uncursed ring of flight
 R - an uncursed ring of sustain abilities
 U - a ring of protection from cold (right claw)
Potions
 n - a potion of flight
 s - 4 potions of curing
 z - 3 potions of might
 D - a potion of speed
 Z - 2 potions of agility
Books
 g - a manual of Ice Magic Trog disapproves of the use of such an item.
 l - a manual of Ice Magic Trog disapproves of the use of such an item.
 w - a book of Death

   Spells                             Type                      Level
   Corpse Rot                         Necromancy                   2
   Sublimation of Blood               Necromancy                   2
   Agony                              Necromancy                   5
   Dispel Undead                      Necromancy                   5
   Excruciating Wounds                Charms/Necromancy            5
   Bolt of Draining                   Conjuration/Necromancy       6
   Trog disapproves of the use of such an item.
 E - a book of Callings

   Spells                             Type                      Level
   Summon Small Mammal                Summoning                    1
   Call Imp                           Summoning                    2
   Call Canine Familiar               Summoning                    3
   Summon Scorpions                   Summoning/Poison             4
   Summon Ice Beast                   Ice/Summoning                4
   Trog disapproves of the use of such an item.
 V - the Reference Book on the Compass
   (You found it on level 13 of the Dungeon)

   Spells                             Type                      Level
   Apportation                        Translocation                1
   Recall                             Summoning/Translocation      3
   Teleport Other                     Translocation                3
   Control Teleport                   Charms/Translocation         4
   Trog disapproves of the use of such an item.
Miscellaneous
 j - a bottled efreet
 K - a phial of floods
 Q - a lamp of fire
 S - a box of beasts


   Skills:
 + Level 8.6(7.9) Fighting
 - Level 5.3(4.6) Throwing
 + Level 6.5(5.8) Armour
 + Level 12.6(11.8) Dodging
 - Level 4.4(3.8) Stealth
 + Level 5.8(5.1) Shields
 + Level 13.8(13.0) Unarmed Combat
 + Level 8.0(7.3) Evocations


You had 14 spell levels left.
You didn't know any spells.

Dungeon Overview and Level Annotations

Branches:
Dungeon (16/27)            Temple (0/1) D:7             Orc (3/4) D:10
    Elf (0/3) Orc:3          Lair (8/8) D:13         Shoals (0/5) Lair:4
  Snake (0/5) Lair:4        Slime (0/6) Lair:7
 Vaults: D:15-20

Altars:
Elyvilon
Fedhas
Kikubaaqudgha
Okawaru
Trog
Zin

Shops:
D:5 !   D:16 (   Orc:2 %

Portals:
Trove: D:10 (give 19 scrolls of identify)


Innate Abilities, Weirdness & Mutations

You are too large for most types of armour.
You have claws for hands.
Your metabolism is lightning-fast.
You like to eat raw meat.
You heal very quickly.
You can eat rotten meat.
You are covered in fur (AC +1).
You have very tough skin (AC +2).


Message History

As you read the scroll of fear, it crumbles to dust.
You assume a fearsome visage.
The orc looks frightened!
The orc looks frightened!
The orc cowers, then darts away.
The orc gives up.
An orc sorcerer comes into view. It is wielding an orcish dagger.
The orc sorcerer shouts!
The orc howls in fear.
The orc priest barely misses you.
The orc mumbles, "Damn and blast!"
The orc closely misses you.
The orc sorcerer points at you and mumbles some strange words.
The bolt of negative energy hits the orc.
The orc is drained!
The orc dies!
The bolt of negative energy hits you!
You feel drained.
* * * LOW HITPOINT WARNING * * *
The orc priest invokes the aid of Beogh against you.
Something smites you!
You die...

.>.............##
............#...##
......>).........#
..#...oo)%.......#
...#....g..#o#..###
...........#o.g(..##### ###
......#.....o...o...#.####.##
......$...#.#.)o.......#...##
##
.......######.@........#...##.#
...$### #.......#.##..#.... .#
####......#..)%.....#
##.##..........[##..##
#.............)###.###
##..#................#
#.........[..........
#.>.....).....#.##..#
##.....><)...#.######


You could see an orc sorcerer, an orc priest, 3 orcs and a goblin.

Vanquished Creatures
  Gastronok (D:13)
  A dragon (Lair:8)
  Harold (D:10)
  Erica (D:12)
  An orc high priest (Orc:3)
  3 centaur warriors
  4 death yaks
  Urug (Orc:3)
  A rakshasa (D:12)
  The ghost of Tiran the Destroyer, a powerful DjWz of Vehumet (Orc:3)
  2 catoblepae
  The ghost of oinker the Quickloader, an experienced DjHu (D:9)
  A soul eater (Orc:3)
  An ice devil (Orc:3)
  Erolcha (D:10)
  An ice statue (IceCv)
  2 orc knights
  9 hill giants
  A necromancer (IceCv)
  The ghost of Ladykiller69 the Magician, an experienced DgWz (D:8)
  5 griffons
  5 cyclopes
  An oklob plant (Lair:1)
  2 black mambas
  Psyche (D:8)
  A feature mimic (Lair:6)
  A yaktaur (D:15)
  A mermaid (Lair:4)
  A human (D:12)
  17 spiny frogs
  A komodo dragon (shapeshifter) (D:14)
  7 fire drakes
  A giant firefly (shapeshifter) (D:15)
  2 trolls
  Grinder (D:6)
  9 komodo dragons
  A blue devil (Orc:3)
  An iron devil (Orc:3)
  A catoblepas zombie (D:12)
  A wolf spider simulacrum (IceCv)
  4 two-headed ogres
  20 blink frogs
  A dragon zombie (D:12)
  A hydra skeleton (D:15)
  A slime creature (D:12)
  4 basilisks (Lair:8)
  A water elemental (D:12)
  A vampire (D:15)
  4 hill giant zombies
  16 ugly things
  A shark (D:12)
  Eustachio (D:10)
  3 wolves (Lair:7)
  5 wyverns
  8 hippogriffs
  65 yaks
  A hungry ghost (D:10)
  A hill giant skeleton (D:16)
  2 steam dragons (Lair:8)
  A rock worm (D:16)
  2 soldier ants
  4 swamp worms (Lair:6)
  An elf (D:12)
  Edmund (D:5)
  6 manticores
  2 swamp drakes (Lair:8)
  Menkaure (D:4)
  11 porcupines
  4 vampire mosquitoes (D:13)
  13 freezing wraiths (IceCv)
  2 necrophages
  4 mottled dragons
  3 giant goldfish
  3 yellow wasps
  2 black bears
  2 nagas (Lair:4)
  3 sky beasts
  5 ice beasts (IceCv)
  11 ogres
  8 orc warriors
  An alligator simulacrum (IceCv)
  2 boring beetles
  10 centaurs
  2 phantoms
  16 crocodiles
  Sigmund (D:4)
  Duvessa (D:8)
  4 giant slugs
  A warg (D:13)
  A komodo dragon zombie (D:8)
  A spriggan simulacrum (IceCv)
  8 water moccasins
  3 big kobolds
  4 brain worms
  11 agate snails
  20 giant frogs
  A yaktaur skeleton (D:16)
  A cyclops skeleton (D:14)
  A gnoll sergeant (D:13)
  5 killer bees
  A manticore skeleton (D:11)
  A troll zombie (D:11)
  A hippogriff zombie (D:12)
  3 jellyfish
  8 wights
  A yak skeleton (D:14)
  2 troll skeletons (D:7)
  Dowan (D:8)
  2 electric eels
  4 goliath beetles
  8 crimson imps
  14 orc priests
  4 draconian simulacra (IceCv)
  3 jellies
  A two-headed ogre zombie (D:14)
  Crazy Yiuf (D:6)
  3 big fish
  14 hounds
  9 iguanas
  3 quasits
  A gnoll shaman (D:8)
  A cyclops simulacrum (D:16)
  2 centaur skeletons (D:6)
  6 troll simulacra (IceCv)
  14 orc wizards
  9 scorpions
  An orange rat (D:7)
  A two-headed ogre skeleton (D:8)
  16 worker ants
  A centaur simulacrum (IceCv)
  9 sheep
  A big kobold zombie (D:10)
  Jessica (D:2)
  A killer bee zombie (D:7)
  A mottled dragon zombie (D:12)
  A big kobold skeleton (D:14)
  A mummy (D:5)
  13 gnolls
  3 ogre simulacra (IceCv)
  A lemure (D:10)
  63 green rats
  23 adders
  7 giant centipedes
  3 naga simulacra (IceCv)
  A shadow imp (D:8)
  5 giant mites
  25 white imps
  A goliath beetle zombie (D:7)
  10 worms
  An adder skeleton (D:4)
  4 grey rats (D:7)
  5 giant eyeballs
  3 giant geckos
  6 oozes
  82 orcs
  A ball python (D:2)
  26 bats
  A bat skeleton (D:4)
  4 giant cockroaches
  16 hobgoblins
  9 quokkas
  5 giant newts
  2 giant spores
  16 goblins
  A goblin skeleton (D:4)
  2 hobgoblin zombies (D:5)
  4 illusory rakshasas (D:12)
  20 jackals
  A jackal zombie (D:7)
  20 kobolds
  2 kobold zombies
  An orc skeleton (D:4)
  An orc zombie (D:5)
  27 rats
  5 ballistomycetes
  4 bushes
  9 fungi
  5 plants
1007 creatures vanquished.

Vanquished Creatures (collateral kills)
  Rupert (Lair:6)
  5 hydras
  2 death yaks
  2 catoblepae (Lair:8)
  2 griffons (Lair:8)
  A black mamba (Lair:8)
  A spiny frog (Lair:8)
  6 blink frogs (Lair:6)
  A freezing wraith (IceCv)
  A swamp dragon simulacrum (IceCv)
  A draconian simulacrum (IceCv)
  A wolf simulacrum (IceCv)
  4 sheep (Lair:6)
  A naga simulacrum (IceCv)
  A giant mite (Lair:5)
30 creatures vanquished.

Vanquished Creatures (others)
  A hill giant (Lair:8)
  3 shadows (D:14)
  An ogre (Lair:7)
  A white imp (IceCv)
  An orc (Orc:3)
  3 giant spores
  A ballistomycete (D:12)
  14 fungi
  2 plants
27 creatures vanquished.

Grand Total: 1064 creatures vanquished

Notes
Turn   | Place    | Note
--------------------------------------------------------------
     0 | D:1      | PleasurePal, the Troll Berserker, began the quest for the Orb.
     0 | D:1      | Reached XP level 1. HP: 23/23 MP: 0/0
   250 | D:1      | Reached XP level 2. HP: 31/31 MP: 0/0
   764 | D:2      | Noticed Jessica
   775 | D:2      | Killed Jessica
   775 | D:2      | Reached XP level 3. HP: 31/37 MP: 1/1
   986 | D:2      | Acquired Trog's second power
  1892 | D:4      | Reached XP level 4. HP: 46/46 MP: 1/1
  1923 | D:4      | Reached skill level 1 in Armour
  1923 | D:4      | Reached skill level 1 in Stealth
  1923 | D:4      | Reached skill level 4 in Unarmed Combat
  2014 | D:4      | Noticed Sigmund
  2022 | D:4      | Killed Sigmund
  2022 | D:4      | Reached XP level 5. HP: 53/53 MP: 1/1
  2164 | D:4      | Noticed Menkaure
  2184 | D:4      | Killed Menkaure
  2184 | D:4      | Reached XP level 6. HP: 20/62 MP: 2/2
  2419 | D:4      | Paralysed by a giant eyeball for 4 turns
  2519 | D:5      | Entered Level 5 of the Dungeon
  2618 | D:5      | Found Naxtugra's Distillery.
  2688 | D:5      | Reached skill level 5 in Unarmed Combat
  2688 | D:5      | Reached XP level 7. HP: 38/68 MP: 2/2
  2737 | D:5      | Noticed Edmund
  2749 | D:5      | Killed Edmund
  2831 | D:5      | Found an ancient bone altar of Kikubaaqudgha.
  3007 | D:5      | Found a white marble altar of Elyvilon.
  3413 | D:6      | Noticed Grinder
  3427 | D:6      | Killed Grinder
  3427 | D:6      | Reached skill level 6 in Unarmed Combat
  3427 | D:6      | Reached XP level 8. HP: 26/78 MP: 2/2
  3506 | D:6      | Paralysed by a giant eyeball for 2 turns
  3510 | D:6      | Paralysed by a giant eyeball for 3 turns
  3603 | D:6      | Reached skill level 5 in Dodging
  3704 | D:6      | Found a glowing silver altar of Zin.
  4544 | D:6      | Noticed Crazy Yiuf
  4559 | D:6      | Killed Crazy Yiuf
  4739 | D:7      | Acquired Trog's third power
  4810 | D:7      | Found a staircase to the Ecumenical Temple.
  4974 | D:7      | Reached skill level 7 in Unarmed Combat
  4974 | D:7      | Reached XP level 9. HP: 77/85 MP: 3/3
  5227 | D:7      | Paralysed by a giant eyeball for 4 turns
  5442 | D:8      | Noticed Duvessa
  5443 | D:8      | Noticed Dowan
  5450 | D:8      | Killed Duvessa
  5452 | D:8      | Killed Dowan
  5458 | D:8      | Upgraded the game from 0.13-a0-3104-gb5885e9 to 0.13-a0-3110-gf6e36dc
  5566 | D:8      | Noticed Ladykiller69's ghost (experienced DgWz)
  5613 | D:8      | Killed Ladykiller69's ghost
  6271 | D:8      | Noticed Psyche
  6271 | D:8      | Paralysed by a giant eyeball for 3 turns
  6282 | D:8      | Killed Psyche
  6282 | D:8      | Reached skill level 5 in Fighting
  6282 | D:8      | Reached skill level 8 in Unarmed Combat
  6282 | D:8      | Reached XP level 10. HP: 83/92 MP: 3/3
  6385 | D:9      | Noticed oinker's ghost (experienced DjHu)
  6398 | D:9      | Killed oinker's ghost
  6482 | D:9      | Reached skill level 5 in Armour
  6706 | D:9      | Gained mutation: Your body is slowly deteriorating. [potion of mutation]
  6706 | D:9      | Gained mutation: You have large cloven feet. [potion of mutation]
  6706 | D:9      | Gained mutation: Your muscles are strong. (Str +2) [potion of mutation]
  6713 | D:9      | Lost mutation: You have large cloven feet. [potion of cure mutation]
  6713 | D:9      | Lost mutation: Your muscles are strong. (Str +2) [potion of cure mutation]
  6713 | D:9      | Lost mutation: Your body is slowly deteriorating. [potion of cure mutation]
  6810 | D:9      | Found an iron altar of Okawaru.
  7151 | D:10     | Entered Level 10 of the Dungeon
  7173 | D:10     | Found a staircase to the Orcish Mines.
  7192 | D:10     | Found a portal to a secret trove of treasure.
  7337 | D:10     | Noticed Eustachio
  7337 | D:10     | Noticed a hill giant
  7347 | D:10     | Killed Eustachio
  7354 | D:10     | Killed a hill giant
  7354 | D:10     | Reached skill level 1 in Evocations
  7449 | D:10     | Noticed Erolcha
  7465 | D:10     | Killed Erolcha
  7515 | D:10     | Noticed Harold
  7526 | D:10     | Reached skill level 9 in Unarmed Combat
  7551 | D:10     | Killed Harold
  7551 | D:10     | Reached XP level 11. HP: 56/101 MP: 6/6
  7871 | D:10     | Soner: It's a 50% chance of him being happy, and it raises with evo.
  7889 | D:10     | Soner: Jelly fish can kill you, so yes, of /course/ they're broken.
  7981 | D:10     | Soner: I mean, it's not like they're confined to water and you can just ignore them.
  8754 | D:11     | Soner: check skype i sent you a picture of my vagina
  8984 | D:12     | Noticed a rakshasa
  9039 | D:12     | Killed a rakshasa
  9131 | D:12     | Noticed Erica
  9154 | D:12     | Killed Erica
  9178 | D:12     | HP: 5/102 [catoblepas zombie (7)]
  9420 | D:12     | Reached skill level 10 in Unarmed Combat
  9676 | D:12     | Paralysed by a yellow wasp for 1 turns
 10065 | D:12     | Reached skill level 1 in Throwing
 10397 | D:12     | Reached XP level 12. HP: 92/111 MP: 11/11
 10427 | D:12     | Noticed a hill giant
 10434 | D:12     | Killed a hill giant
 10509 | D:12     | Noticed a centaur warrior
 10535 | D:12     | Killed a centaur warrior
 11189 | D:13     | Received a gift from Trog
 11273 | D:13     | Found a blossoming altar of Fedhas.
 11312 | D:13     | Noticed Gastronok
 11357 | D:13     | HP: 5/112 [cyclops (23)]
 11623 | D:13     | Found a staircase to the Lair.
 11800 | D:13     | Identified the Reference Book on the Compass (You found it on level 13 of the Dungeon)
 11860 | D:13     | Reached skill level 11 in Unarmed Combat
 11909 | D:13     | Killed Gastronok
 11909 | D:13     | Reached skill level 1 in Shields
 12053 | D:13     | Reached skill level 10 in Dodging
 12301 | D:14     | Entered Level 14 of the Dungeon
 12603 | D:14     | Reached skill level 5 in Evocations
 12841 | D:14     | Received a gift from Trog
 13029 | D:14     | Reached XP level 13. HP: 20/123 MP: 15/15
 13259 | D:14     | Noticed a five-headed hydra
 13283 | D:14     | Killed a six-headed hydra
 13405 | D:15     | Entered Level 15 of the Dungeon
 14192 | D:15     | Found a bloodstained altar of Trog.
 14305 | D:15     | Reached skill level 5 in Throwing
 15200 | D:16     | Found Nastrot's Antique Weapon Emporium.
 15441 | Lair:1   | Entered Level 1 of the Lair of Beasts
 15603 | Lair:1   | Reached skill level 12 in Unarmed Combat
 16066 | Lair:1   | Found a blossoming altar of Fedhas.
 16214 | Lair:1   | Received a gift from Trog
 16615 | D:13     | Got a faintly glowing robe
 16622 | D:13     | Identified the +1 robe "Hubaiph" {rPois} (You found it on level 13 of the Dungeon)
 18188 | Lair:3   | Reached XP level 14. HP: 110/133 MP: 18/18
 19254 | Lair:4   | Found a staircase to the Snake Pit.
 19357 | Lair:4   | Found a staircase to the Shoals.
 20649 | Lair:6   | Received a gift from Trog
 21202 | Lair:6   | Noticed Rupert
 21232 | Lair:6   | Killed Rupert
 22702 | Lair:7   | Reached skill level 13 in Unarmed Combat
 22970 | Lair:7   | Received a gift from Trog
 23345 | Lair:7   | Reached skill level 5 in Shields
 23862 | Lair:7   | Found a staircase to the Slime Pits.
 23948 | Lair:8   | Entered Level 8 of the Lair of Beasts
 24538 | Lair:8   | Soner: ab helps with basilisks
 24574 | Lair:8   | Soner: brb
 24853 | Lair:8   | Received a gift from Trog
 25612 | Lair:8   | Reached XP level 15. HP: 70/143 MP: 21/21
 25821 | Lair:8   | HP: 6/143 [it/blast of calcifying dust (2)]
 25830 | Lair:8   | HP: 6/143 [catoblepas/blast of calcifying dust]
 26396 | Lair:8   | Soner: G0
 26396 | Lair:8   | Soner: ru
 26449 | Lair:8   | Soner: do both of those
 26454 | Lair:7   | Soner: G
 26457 | Lair:7   | Soner: 0
 26462 | Lair:7   | Soner: do this
 27126 | Orc:1    | Entered Level 1 of the Orcish Mines
 27446 | Orc:2    | Found Stestrafi's Food Shoppe.
 27571 | Orc:2    | Soner: ctrl+f "ego&&robe" (without the quotation marks)
 27714 | Orc:3    | Found a staircase to the Elven Halls.
 27756 | Orc:3    | Received a gift from Trog
 27801 | Orc:3    | Found a frozen archway.
 27898 | Orc:3    | Noticed Urug
 27985 | Orc:3    | Killed Urug
 28102 | IceCv    | Entered an ice cave
 28740 | IceCv    | Found an ancient bone altar of Kikubaaqudgha.
 29259 | IceCv    | Soner: X
